AoeStats
← lamanito6

Nomad

507086891Analyzed
4v4 RM · 16d ago on Sep 16, 2026· 64m 49s· 8 players
Game mode
Random Map
Map size
231×231
Population
200
Speed
Normal
Resources
Standard
Victory
Conquest
Starting age
Dark Age
Ending age
Imperial Age
RankedLock teamsTeams togetherTeam positionsShared explorationLock speedFull tech treeHidden civsTurbo modeCheats
Victory
Defeat
🇪🇸 Dravidians · Spain
1164
+14
🇵🇾 Japanese · Paraguay
1155
+15
🇮🇳 Ethiopians · India
1113
+17
🇫🇷 Italians · France
1111
+17
🇫🇷 Maya · France
1136
-16
🇹🇷 Franks · Türkiye
1130
-16
🇹🇷 Wu · Türkiye
1126
-16
🇫🇷 Huns · France
1116
-15
RICH FARMER
5:42 Loom
14:03 Feudal Age
15:41 Double-Bit Axe
18:05 Castle Age
18:18 Scale Mail Armor
21:42 Chain Mail Armor
23:33 Bow Saw
28:25 Town Watch
28:28 Horse Collar
39:00 Imperial Age
37:54 Wheelbarrow
39:03 Fletching
41:12 Plate Mail Armor
41:10 Squires
44:47 Forging
47:17 Iron Casting
49:00 Blast Furnace
56:42 Arson
58:33 Husbandry
59:05 Bloodlines
romeo63
4:33 Loom
14:40 Feudal Age
15:31 Double-Bit Axe
21:01 Castle Age
22:53 Bow Saw
22:56 Scale Barding Armor
24:48 Wheelbarrow
25:20 Gold Mining
26:52 Husbandry
28:21 Forging
31:52 Hand Cart
35:26 Iron Casting
36:03 Chain Barding Armor
43:34 Imperial Age
42:09 Gold Shaft Mining
41:28 Fletching
41:39 Padded Archer Armor
42:29 #83
44:23 Cavalier
Digit
4:50 Loom
13:44 Feudal Age
19:05 Castle Age
17:41 Double-Bit Axe
21:28 Bow Saw
22:09 Forging
22:13 Scale Mail Armor
23:11 Eagle Warrior
24:09 Chain Mail Armor
24:10 Fletching
25:26 Iron Casting
25:12 Squires
26:52 Gold Mining
27:01 Horse Collar
27:57 Wheelbarrow
31:45 Stone Mining
35:10 Imperial Age
33:24 Heavy Plow
36:52 Blast Furnace
36:02 Elite Eagle Warrior
39:18 Plate Mail Armor
40:47 Arson
42:20 Holcans
44:52 Holcans
44:42 Conscription
50:35 Hand Cart
50:48 Elite Skirmisher
53:53 Hul'che Javelineers
56:45 Ballistics
senninha
4:14 Loom
14:18 Feudal Age
19:06 Castle Age
17:05 Double-Bit Axe
17:58 Gold Mining
18:44 Fletching
22:08 Thumb Ring
22:38 Bodkin Arrow
22:58 Town Watch
23:26 Stone Mining
23:40 Horse Collar
24:16 Padded Archer Armor
27:06 Leather Archer Armor
27:55 Wheelbarrow
30:32 Bow Saw
37:55 Imperial Age
37:13 Gold Shaft Mining
36:48 Heavy Plow
37:29 Bloodlines
37:21 Husbandry
38:42 Hand Cart
39:46 Chemistry
39:08 Ballistics
39:22 Parthian Tactics
39:24 Bracer
42:35 Scale Barding Armor
42:40 Forging
44:49 Chain Barding Armor
45:04 Iron Casting
43:55 Cavalier
46:27 Plate Barding Armor
47:37 Gold Shaft Mining
48:05 Murder Holes
49:17 Blast Furnace
48:58 Paladin
50:21 Masonry
52:19 Two-Man Saw
52:33 Elite Skirmisher
54:45 Conscription
lamanito6
4:23 Loom
15:07 Feudal Age
15:36 Fishing Lines
16:47 Double-Bit Axe
22:03 Castle Age
21:36 Fletching
21:47 Padded Archer Armor
22:53 Bodkin Arrow
23:13 Leather Archer Armor
23:05 Gillnets
23:33 Medium Warships
32:47 Wheelbarrow
33:20 Medical Corps
34:16 Ballistics
36:58 Hand Cart
41:03 Imperial Age
44:30 Siege Elephant
50:04 Elite Elephant Archer
52:26 Ring Archer Armor
54:18 Chemistry
WolffJesu
9:13 Loom
14:36 Feudal Age
19:01 Castle Age
17:54 Scale Mail Armor
25:13 Fletching
30:22 Double-Bit Axe
33:52 Horse Collar
37:52 Gold Mining
37:56 Elite Skirmisher
39:54 Wheelbarrow
39:37 Bow Saw
39:48 Bodkin Arrow
39:56 Padded Archer Armor
40:05 Bodkin Arrow
45:32 Imperial Age
43:24 Leather Archer Armor
44:21 Ballistics
44:49 Thumb Ring
45:57 Chain Mail Armor
45:52 Forging
45:59 Town Watch
46:24 Bracer
47:34 Ring Archer Armor
48:37 Chemistry
48:26 Conscription
47:46 Capped Ram
49:52 Two-Man Saw
50:17 Coinage
51:09 Plate Mail Armor
50:49 Forging
50:24 Pikeman
51:05 Squires
50:50 Arson
51:09 Halberdier
54:25 Heavy Plow
57:23 Town Patrol
57:41 Hand Cart
58:09 Iron Casting
58:09 Kataparuto
58:16 Elite Samurai
59:00 Fishing Lines
60:17 Banking
60:24 Gold Shaft Mining
60:25 Spies/Treason
62:32 Treadmill Crane
63:03 Masonry
64:19 Guard Tower
64:15 Arrowslits
tretts
15:22 Feudal Age
20:08 Castle Age
18:23 Gold Mining
18:35 Fletching
19:50 Man-at-Arms
20:16 Arson
20:38 Padded Archer Armor
20:49 Forging
25:08 Crossbowman
25:56 Double-Bit Axe
35:01 Imperial Age
33:39 Bodkin Arrow
34:37 Thumb Ring
34:51 Leather Archer Armor
34:24 Elite Skirmisher
35:59 Ballistics
38:12 Chemistry
40:07 Arbalester
41:30 Pirotechnia
43:42 Conscription
44:01 Bow Saw
48:21 Wheelbarrow
48:48 Two-Man Saw
47:52 Bracer
48:23 Ring Archer Armor
50:41 Silk Road
49:45 Elite Genoese Crossbowman
59:08 Iron Casting
58:39 Scale Barding Armor
MAND_Dã quỳ
12:06 Loom
14:28 Feudal Age
20:07 Castle Age
18:09 Padded Archer Armor
18:00 Fletching
17:56 Double-Bit Axe
17:52 Horse Collar
18:31 Gold Mining
20:33 Crossbowman
21:11 Bodkin Arrow
21:44 Thumb Ring
22:22 Bow Saw
26:19 Ballistics
34:30 Imperial Age
34:08 Gold Shaft Mining
35:17 Bracer
34:38 Arbalester
35:39 Leather Archer Armor
37:45 Chemistry
37:39 Murder Holes
37:56 Masonry
39:03 Masonry
38:49 Murder Holes
40:28 Architecture
41:56 Ring Archer Armor
45:48 Stone Mining
49:22 Wheelbarrow
50:42 Two-Man Saw
53:13 Forging
53:04 Scale Mail Armor
53:43 Hand Cart
54:16 Conscription
54:32 Iron Casting
54:59 Chain Mail Armor
57:03 Blast Furnace
56:29 Heavy Plow
61:42 Stone Shaft Mining
60:58 Elite Shotel Warrior
62:40 Plate Mail Armor
Connection lost

Rejoining the realm…

Still unreachable

The connection could not be restored.

Session expired

The server has moved on; the page needs a fresh start.